 Dungeon Crawl Stone Soup version 0.23-a0-436-g57debff (webtiles) character file.

64 Lavandula the Chucker (level 4, 0/29 HPs)
             Began as an Octopode Hunter on Nov 17, 2018.
             Slain by a water moccasin zombie (3 damage)
             ... in an ossuary.
             The game lasted 00:05:25 (985 turns).

Lavandula the Chucker (Octopode Hunter)              Turns: 985, Time: 00:05:26

Health: 0/29       AC:  1    Str: 12    XL:     4   Next: 12%
Magic:  4/4        EV: 13    Int: 13    God:
Gold:   235        SH:  0    Dex: 12    Spells: 3/3 levels left

rFire    . . .     SeeInvis .     - Unarmed
rCold    . . .     Gourm    .   (no shield)
rNeg     . . .     Faith    .   (helmet restricted)
rPois    .         Spirit   .   (no amulet)
rElec    .         Reflect  .   i - ring of wizardry
rCorr    .         Harm     .   (no ring)
MR       .....                  (no ring)
Stlth    +++.......             (no ring)
HPRegen  0.09/turn              (no ring)
MPRegen  0.09/turn              (no ring)
                                (no ring)
                                (no ring)

@: no status effects
A: almost no armour, stealthy swim, amphibious, 8 rings, constrict 8, camouflage
1, gelatinous body 1
a: no special abilities


You were in an ossuary.
You were not hungry.

You visited 1 branch of the dungeon, and saw 4 of its levels.
You also visited: Ossuary.

You collected 235 gold pieces.

Inventory:

Missiles
 b - 12 javelins (quivered)
 c - 2 throwing nets
Jewellery
 i - a ring of wizardry (left tentacle)
Wands
 l - a wand of clouds (5)
Scrolls
 a - a scroll of random uselessness {unknown}
 e - a scroll of magic mapping
 f - a scroll of fear {unknown}
 h - 2 scrolls of teleportation
 m - a scroll of fog {unknown}
Potions
 j - a potion of brilliance {unknown}
Comestibles
 d - 3 rations


   Skills:
 - Level 2.0 Fighting
 - Level 4.0 Throwing
 - Level 2.0 Dodging
 - Level 1.3 Stealth
 + Level 3.6 Unarmed Combat


You had 3 spell levels left.
You didn't know any spells.
Your spell library was empty.

Dungeon Overview and Level Annotations

Branches:
Dungeon (4/15)
 Temple: D:4-7

Altars:
Ashenzari
Gozag


Innate Abilities, Weirdness & Mutations

You cannot wear most types of armour.
You are very stealthy in the water. (Stealth+)
You are amphibious.
You can wear up to eight rings at the same time.
You can use your tentacles to constrict eight enemies at once.
Your skin changes colour to match your surroundings (Stealth+).
Your rubbery body absorbs attacks. (AC +1, EV +1)


Message History

You tentacle-slap the water moccasin zombie.
The water moccasin zombie is heavily damaged.
You constrict the water moccasin zombie.
The water moccasin zombie closely misses you.
The water moccasin zombie bites you.
You tentacle-slap the water moccasin zombie.
The water moccasin zombie is heavily damaged.
You constrict the water moccasin zombie.
The water moccasin zombie bites you.
* * * LOW HITPOINT WARNING * * *
You tentacle-slap the water moccasin zombie.
The water moccasin zombie is severely damaged.
You constrict the water moccasin zombie.
The water moccasin zombie bites you.
* * * LOW HITPOINT WARNING * * *
You tentacle-slap the water moccasin zombie.
The water moccasin zombie is almost destroyed.
You constrict the water moccasin zombie.
The water moccasin zombie bites you.
You die...

#+### #^..#
#...# #^.^#
#...# ###'#
#^^Z#
#.^@##### ###
#...#...#!!??#
#...'.∩.#!(?!+
#∩..#...#?!??#
######### ###


You could see a water moccasin zombie.

Vanquished Creatures
  2 adders
  An ooze (D:1)
  3 worms
  A dart slug (D:2)
  An orc (D:3)
  5 goblins
  A hobgoblin (D:3)
  2 jackals (D:1)
  A quokka (D:2)
  2 bats (D:1)
  7 frilled lizards
  A hobgoblin zombie (Ossuary)
  4 kobolds
  A kobold zombie (Ossuary)
  An orc zombie (Ossuary)
  3 rats
36 creatures vanquished.

Notes
Turn   | Place    | Note
-------+----------+-------------------------------------------
     0 | D:1      | Lavandula the Octopode Hunter began the quest for the Orb.
     0 | D:1      | Reached XP level 1. HP: 14/14 MP: 1/1
    96 | D:2      | Reached skill level 1 in Unarmed Combat
   154 | D:1      | Reached XP level 2. HP: 19/19 MP: 2/2
   381 | D:1      | Reached XP level 3. HP: 24/24 MP: 3/3
   397 | D:2      | Found an opulent altar of Gozag.
   415 | D:1      | Found a shattered altar of Ashenzari.
   808 | D:3      | Reached XP level 4. HP: 26/29 MP: 4/4
   903 | D:4      | Found a sand-covered staircase.
   910 | Ossuary  | Entered an ossuary
   985 | Ossuary  | Slain by a water moccasin zombie

Vault maps used:
D:1:      tarquinn_simple_flora_water_b, minmay_misc_feat_chi, minivault_27,
          roderic_malta_cross, evilmike_ruin_ashenzari
D:2:      nicolae_gozag_cash_rules_everything_around_me
D:3:      first_ration
D:4:      marbit_many_paths, chequers_temple_overflow_statue_of_worship,
          enter_ossuary_2, serial_shops, nicolae_shop_window_shopping,
          serial_rivers, chequers_serial_rivers_marsh,
          chequers_serial_rivers_small_3, chequers_serial_rivers_small_a,
          chequers_serial_rivers_marsh
Ossuary:  ossuary_tomb_2

Skill      XL: |  1  2  3 |
---------------+----------+-----
Unarmed Combat | 1 2 3 |  3.6
Fighting       | |  2.0
Throwing       | |  4.0
Dodging        | |  2.0
Stealth        | |  1.3

Action                   |  1- 3 |  4- 6 || total
-------------------------+-------+-------++-------
Melee: Unarmed           |    42 |    14 ||    56
       Constrict         |    10 |     4 ||    14
       Tentacles         |     6 |     3 ||     9
       Punch             |     3 |       ||     3
Throw: Javelin           |    31 |     7 ||    38
  Use: Scroll            |       |     3 ||     3
 Stab: Sleeping          |     6 |       ||     6
Armor: Skin              |     4 |     1 ||     5
Dodge: Dodged            |    27 |     4 ||    31

Table legend:
 A = Non-vault XP
 B = Vault XP
 C = Vault XP percentage of total XP
 D = Non-vault monster count
 E = Vault monster count
 F = Vault count percentage of total count
                 A         B        C        D         E       F
            +---------+---------+-------+---------+---------+-------
      Total |      89 |       3 |   3.3 |      33 |       3 |   8.3
            +---------+---------+-------+---------+---------+-------
        D:1 |      21 |       0 |   0.0 |      12 |       0 |   0.0
        D:2 |      30 |       0 |   0.0 |       9 |       0 |   0.0
        D:3 |      38 |       0 |   0.0 |      12 |       0 |   0.0
    Ossuary |       0 |       3 | 100.0 |       0 |       3 | 100.0
            +---------+---------+-------+---------+---------+-------
